 Dungeon Crawl Stone Soup version 0.16.1-4-g8e1b745 (webtiles) character file.

529 sanddemon the Infuser (level 7, 0/45 HPs)
             Began as a High Elf Skald on Mar 27, 2015.
             Slain by a hound (2 damage)
             ... on level 5 of the Dungeon.
             The game lasted 00:30:33 (5737 turns).

sanddemon the Infuser (High Elf Skald)              Turns: 5737, Time: 00:30:33

Health: 0/45       AC:  5    Str: 11    XL:     7   Next: 3%
Magic:  12/17      EV: 11    Int: 18    God:
Gold:   166        SH:  0    Dex: 15    Spells: 4 memorised, 1 level left

rFire  . . .     SeeInvis .     y - +1 trident
rCold  . . .     Clarity  .     b - +0 leather armour
rNeg   . . .     SustAb   .     (no shield)
rPois  .         Gourm    .     (no helmet)
rElec  .         Spirit   .     (no cloak)
rCorr  .         Warding  .     D - +0 pair of gloves
rMut   .         Stasis   .     B - +0 pair of boots (curse)
MR     .....                    (no amulet)
Stlth  +.........               (no ring)
                                (no ring)

@: infused, not resistant to hostile enchantments, very unstealthy
A: no striking features
a: no special abilities


You were on level 5 of the Dungeon.
You were not hungry.

You visited 1 branch of the dungeon, and saw 5 of its levels.

You collected 218 gold pieces.
You spent 52 gold pieces at shops.

Inventory:

Hand weapons
 y - a +1 trident (weapon)
Missiles
 e - 104 bolts
 j - 57 arrows
 o - 9 arrows of flame
 A - 10 poisoned arrows
 E - 4 tomahawks (quivered)
Armour
 b - a +0 leather armour (worn)
 l - a +0 ring mail
 B - a cursed +0 pair of boots (worn)
 D - a +0 pair of gloves (worn)
Scrolls
 h - a scroll of fear
 m - a scroll of identify
 n - 3 scrolls of remove curse
 p - a scroll of immolation
 t - a scroll of blinking
 v - a scroll of magic mapping
Potions
 a - 2 potions of heal wounds {unknown}
 f - a potion of beneficial mutation {unknown}
 g - 3 potions of mutation {unknown}
 i - a potion of lignification {unknown}
 k - a potion of flight {unknown}
 r - 3 potions of might {unknown}
 u - a potion of curing
 x - a potion of cancellation {unknown}
 C - a potion of degeneration {unknown}
Books
 c - a book of Battle

   Spells                             Type                      Level
   a - Infusion                       Charms                       1
   b - Shroud of Golubria             Charms/Translocation         2
   c - Song of Slaying                Charms                       2
   d - Spectral Weapon                Hexes/Charms                 3
   e - Regeneration                   Charms/Necromancy            3
Comestibles
 d - 2 bread rations
 q - a royal jelly
 s - a meat ration
 w - 4 fruits
 z - 9 chunks of flesh


   Skills:
 - Level 2.0 Fighting
 + Level 2.5 Polearms
 - Level 0.8 Armour
 - Level 1.1 Dodging
 - Level 2.4 Spellcasting
 - Level 9.2 Charms


You had one spell level left.
You knew the following spells:

 Your Spells              Type           Power        Failure   Level  Hunger
a - Infusion              Chrm           #####.       1%          1    #......
b - Spectral Weapon       Hex/Chrm       ###.....     12%         3    ###....
c - Song of Slaying       Chrm           #####...     1%          2    ##.....
d - Regeneration          Chrm/Necr      ###.......   12%         3    ###....


Dungeon Overview and Level Annotations

Branches:
Dungeon (5/15)
 Temple: D:4-7

Altars:
Sif Muna
Xom

Shops:
D:4 ?   D:5 (

Annotations:
D:5 MorganLeah's ghost, experienced CeHu


Message History

Your spectral weapon hits MorganLeah's ghost!
MorganLeah's ghost hits you!
* * * LOW HITPOINT WARNING * * *
MorganLeah's ghost completely misses you.
There is an entrance to Qiamifo's Weapon Boutique here.
Your skin stops crawling.
MorganLeah's ghost hits you!
* * * LOW HITPOINT WARNING * * *
A goblin comes into view.
The goblin shouts!
MorganLeah's ghost hits your spectral weapon!
Your spectral weapon shares its damage with you!
MorganLeah's ghost barely misses your spectral weapon.
You feel something passing dangerously close to your head.
A hound comes into view.
The hound barks!
There is a stone staircase leading up, spattered with blood here.
The goblin closely misses your spectral weapon.
MorganLeah's ghost closely misses you. The hound bites you.
You die...

#. ###.... #.## #.......
..# ####........
#.###.....#......
...#####..#..#..##....##
.......................##
#####...#....!..%.......#
###....##..Wg..........#
......(...@(###.......#
#......!#.h)........^.##
.##.............#...##
#.....#.##....#####
.....###.#.....# ....
#......∩# .. #...#....#
#...##.#### ...##..#


You could see a hound, MorganLeah's ghost, a goblin and a friendly spectral
trident.

Vanquished Creatures
  An ogre (D:4)
  A sky beast (D:4)
  A scorpion (D:4)
  A jelly (D:5)
  An orc priest (D:3)
  A worker ant (D:4)
  A worker ant zombie (D:5)
  4 adders
  A giant mite (D:5)
  7 worms
  4 giant geckos
  4 oozes (D:1)
  8 orcs
  6 bats
  7 giant cockroaches (D:1)
  6 goblins
  11 hobgoblins
  11 jackals
  3 quokkas
  A ball python (D:2)
  3 giant newts
  A jackal skeleton (D:3)
  7 kobolds
  9 rats
100 creatures vanquished.

Notes
Turn   | Place    | Note
--------------------------------------------------------------
     0 | D:1      | sanddemon, the High Elf Skald, began the quest for the Orb.
     0 | D:1      | Reached XP level 1. HP: 14/14 MP: 4/4
     1 | D:1      | Found a runed door.
    35 | D:1      | Reached skill level 4 in Charms
   194 | D:1      | Reached XP level 2. HP: 1/19 MP: 1/6
   769 | D:1      | Reached skill level 5 in Charms
   830 | D:1      | Reached XP level 3. HP: 17/24 MP: 4/8
   843 | D:1      | Learned a level 3 spell: Spectral Weapon
   846 | D:1      | Learned a level 2 spell: Song of Slaying
  2215 | D:2      | Reached XP level 4. HP: 13/29 MP: 2/11
  2349 | D:2      | Reached skill level 6 in Charms
  2417 | D:2      | Found a deep blue altar of Sif Muna.
  3152 | D:3      | Found a shimmering altar of Xom.
  3154 | D:3      | Found a shimmering altar of Xom.
  3160 | D:3      | You fall through a shaft!
  3273 | D:3      | Reached skill level 7 in Charms
  3273 | D:3      | Reached XP level 5. HP: 14/34 MP: 2/12
  4013 | D:4      | HP: 1/34 [jackal (1)]
  4431 | D:4      | Noticed an ogre
  4436 | D:4      | Killed an ogre
  4436 | D:4      | Reached skill level 8 in Charms
  4436 | D:4      | Reached XP level 6. HP: 8/39 MP: 12/15
  4449 | D:4      | Learned a level 3 spell: Regeneration
  4736 | D:4      | Found Pruo's Magic Scroll Emporium.
  4748 | D:4      | Bought a scroll of identify for 26 gold pieces
  4748 | D:4      | Bought a scroll of identify for 26 gold pieces
  5043 | D:4      | Noticed a sky beast
  5072 | D:4      | Killed a sky beast
  5072 | D:4      | Reached skill level 9 in Charms
  5330 | D:5      | Entered Level 5 of the Dungeon
  5351 | D:5      | Noticed MorganLeah's ghost (experienced CeHu)
  5462 | D:5      | Found Qiamifo's Weapon Boutique.
  5612 | D:5      | Reached XP level 7. HP: 24/45 MP: 13/17
  5727 | D:5      | HP: 1/45 [MorganLeah's ghost (13)]
  5737 | D:5      | Slain by a hound

Action                   |  1- 3 |  4- 6 |  7- 9 || total
-------------------------+-------+-------+-------++-------
Melee: Spear             |   162 |    81 |       ||   243
       Trident           |       |   154 |    15 ||   169
 Cast: Infusion          |     9 |    16 |     1 ||    26
       Spectral Weapon   |     2 |    10 |     1 ||    13
       Song of Slaying   |     1 |     2 |       ||     3
       Regeneration      |       |    10 |     1 ||    11
  Use: Scroll            |     2 |     7 |       ||     9
       Potion            |     1 |     1 |       ||     2
  Eat: Chunk             |     3 |    11 |     1 ||    15
       Bread ration      |       |     1 |       ||     1
